AoeStats
← jude__88

Arabia

509639406Analyzed
2v2 RM · 5d ago on Sep 27, 2026· 21m 34s· 4 players
Game mode
Random Map
Map size
Medium (4 player)
Population
200
Speed
Normal
Resources
Standard
Victory
Conquest
Starting age
Dark Age
Ending age
Imperial Age
RankedLock teamsTeams togetherTeam positionsShared explorationLock speedFull tech treeHidden civsTurbo modeCheats
Victory
Defeat
🇺🇸 Spanish · United States
939
+14
🇺🇸 Japanese · United States
935
+14
🇫🇷 Franks · France
901
-40
🇩🇪 Vietnamese · Germany
895
-14
jude__88
16:22 Feudal Age
16:02 Loom
16:53 Double-Bit Axe
19:27 Wheelbarrow
20:45 Man-at-Arms
DarkEater
5:43 Loom
12:43 Feudal Age
13:09 Horse Collar
14:06 Wheelbarrow
13:19 Double-Bit Axe
13:57 Gold Mining
Hythacg
5:13 Loom
11:58 Feudal Age
16:39 Castle Age
15:00 Double-Bit Axe
15:52 Horse Collar
16:05 Stone Mining
18:30 Wheelbarrow
18:22 Fletching
19:46 Bow Saw
Jmoney14
2:38 Loom
14:57 Feudal Age
19:01 Castle Age
17:03 Stone Mining
18:54 Bloodlines
20:15 Wheelbarrow
21:15 Hand Cart
21:38 Double-Bit Axe
21:46 Horse Collar
Connection lost

Rejoining the realm…

Still unreachable

The connection could not be restored.

Session expired

The server has moved on; the page needs a fresh start.